Map: Blackpink LE

Players

Gope - Winner!

  • Race: Zerg Zerg
  • League: Diamond
  • Spawn Location: 1:00

DarkCharisma

  • Race: Terran Terran
  • League: Platinum
  • Spawn Location: 7:00

VOD

Have the link to the VOD?

Description

Time

  • Played on: Dec. 9, 2017, 10:21 p.m.
  • Length: 33:42
Show
View Real Time Build Order
Export as new Build Order

Gope Zerg - Winner!

Build Orders: Hatch First 

Get SALT Encoding   

  12  0:01  Drone  
  13  0:12  Overlord  
  13  0:18  Drone  
  14  0:30  Drone x2  
  14  0:34  Drone  
  17  0:54  Hatchery  
  17  0:56  Drone  
  17  0:59  Drone  
  18  1:13  Spawning Pool  
  18  1:17  Extractor  
  18  1:18  Drone  
  17  1:21  Drone  
  18  1:29  Drone  
  19  1:38  Overlord  
  19  1:50  Drone  
  20  1:59  Queen  
  20  2:01  Drone  
  23  2:06  Queen  
  25  2:11  Extractor  
  25  2:14  Drone x2  
  26  2:19  Metabolic Boost  
  26  2:22  Zergling x4  
  28  2:31  Drone  
  28  2:33  Drone  
  30  2:44  Queen  
  30  2:46  Queen  
  30  2:50  Drone  
  35  2:55  Overlord  
  35  2:59  Drone  
  36  3:07  Overlord  
  36  3:13  Drone x3  
  36  3:19  Drone x2  
  40  3:47  Drone x3  
  40  3:48  Drone x3  
  46  4:03  Overlord x3  
  46  4:18  Baneling Nest  
  46  4:21  Lair  
  46  4:23  Pneumatized Carapace  
  45  4:43  Zergling x12  
  45  4:44  Zergling x12  
  56  5:14  Zergling x6  
  56  5:15  Zergling x6  
  56  5:16  Zergling x4  
  56  5:17  Baneling x5  
  56  5:18  Baneling x7  
  56  5:19  Baneling  
  64  5:22  Centrifical Hooks  
  64  5:32  Overlord x2  
  64  5:33  Overlord x2  
  64  5:50  Spire, Overlord x3  
  63  6:02  Zergling x2  
  63  6:03  Zergling x16  
  72  6:19  Extractor x2  
  70  6:45  Drone x4  
  73  6:47  Evolution Chamber  
  73  6:48  Evolution Chamber  
  64  7:13  Roach Warren  
  63  7:17  Hydralisk Den  
  62  7:26  Queen x2  
  62  7:29  Drone x4  
  70  7:30  Drone x6  
  70  7:31  Hatchery, Drone x3  
  78  7:43  Hatchery  
  77  8:03  Muscular Augments, Glial Reconstitution  
  77  8:15  Zerg Missile Weapons Level 1, Zerg Ground Armor Level 1  
  77  8:21  Drone x4  
  77  8:22  Drone x2  
  77  8:23  Hydralisk x2  
  77  8:24  Roach x2  
  91  8:29  Baneling x4  
  91  8:30  Baneling  
  91  8:51  Extractor  
  91  8:54  Extractor  
  89  9:00  Spore Crawler  
  89  9:02  Spore Crawler  
  87  9:03  Hydralisk x4, Roach  
  87  9:04  Roach x3  
  103  9:18  Infestation Pit  
  102  9:43  Overlord x6  
  102  9:44  Overlord  
  102  10:04  Hive  
  102  10:15  Hydralisk x2  
  102  10:16  Hydralisk x2, Roach x3  
  102  10:17  Hydralisk x2  
  102  10:18  Hydralisk x2, Roach x5  
  102  10:19  Roach  
  136  10:49  Zerg Missile Weapons Level 2  
  136  10:50  Zerg Ground Armor Level 2  
  136  11:24  Hatchery  
  135  11:31  Drone x5  
  135  11:32  Drone  
  141  11:38  Overseer x3  
  141  11:53  Ultralisk Cavern  
  140  12:41  Chitinous Plating  
  140  12:44  Ultralisk x2  
  140  12:45  Ultralisk x2  
  164  12:55  Overlord x5  
  164  13:46  Hydralisk x3  
  164  13:47  Hydralisk x3  
  176  13:48  Ultralisk  
  176  13:49  Ultralisk, Hydralisk x4  
  176  13:54  Baneling x2  
  196  14:24  Hatchery  
  195  14:32  Hatchery  
  195  14:33  Zerg Ground Armor Level 3  
  194  15:08  Zerg Missile Weapons Level 3  
  193  15:19  Adrenal Glands  
  193  16:00  Extractor x2  
  187  16:37  Zergling x10  
  187  16:38  Zergling x12  
  198  17:18  Hatchery  
  198  17:19  Spore Crawler  
  198  17:20  Spore Crawler, Drone x3  
  198  17:21  Drone  
  199  17:40  Zerg Melee Weapons Level 1  
  199  17:45  Hatchery  
  138  18:26  Hydralisk x7  
  146  18:27  Hydralisk x2  
  146  18:28  Ultralisk x3, Hydralisk x4  
  146  18:31  Overlord x3  
  146  18:32  Overlord x2  
  182  18:39  Drone x3  
  182  18:40  Drone x4  
  189  18:49  Queen x2  
  193  18:58  Extractor  
  193  18:59  Extractor  
  180  20:33  Hatchery  
  178  20:48  Zerg Melee Weapons Level 2  
  178  20:55  Zergling x2  
  178  20:56  Zergling x24  
  187  21:05  Zergling x2  
  187  21:06  Zergling x8  
  191  21:20  Ultralisk Cavern  
  187  21:32  Drone x3  
  190  21:33  Queen x2, Drone x4  
  198  22:07  Spore Crawler x2  
  186  22:08  Spore Crawler  
  186  22:09  Spore Crawler  
  186  22:10  Spore Crawler x2  
  186  22:12  Spore Crawler x2  
  123  22:45  Corruptor x5  
  123  22:46  Corruptor x16  
  114  23:58  Hatchery  
  112  24:10  Hatchery  
  63  24:52  Drone x2  
  59  24:53  Drone x6  
  66  25:29  Spawning Pool  
  50  27:25  Spawning Pool  
  36  27:45  Spawning Pool  
  35  28:01  Hatchery  
  33  28:10  Hatchery  
  32  28:26  Hatchery  
  31  28:35  Hatchery  
  30  28:56  Hatchery  
  30  29:30  Drone x2  
  33  29:38  Drone x2  
  35  29:44  Hatchery  
  28  29:48  Lair  
  28  30:45  Drone x4  
  28  30:46  Drone x5  
  37  30:51  Hatchery  
  37  30:53  Drone x5  
  41  30:58  Hatchery  
  40  31:06  Hatchery  
  39  31:11  Spire  
  37  31:26  Spire  
  37  31:29  Spire  
  35  31:41  Spire  
  34  32:22  Corruptor  
  34  32:23  Corruptor x10  
Show
View Real Time Build Order
Export as new Build Order

DarkCharisma Terran 

Build Orders: 1/1/1, Mech 

Get SALT Encoding   

  12  0:01  SCV  
  13  0:13  SCV  
  14  0:18  Supply Depot  
  14  0:27  Refinery  
  14  0:30  SCV  
  15  0:41  Barracks  
  15  0:45  SCV  
  16  0:57  SCV  
  16  1:02  Supply Depot  
  17  1:10  SCV  
  18  1:22  SCV  
  19  1:32  Marine  
  19  1:34  Orbital Command  
  19  1:36  Factory  
  20  1:46  Refinery  
  20  1:50  Marine  
  21  2:00  SCV  
  22  2:08  Marine  
  23  2:13  SCV  
  24  2:21  Factory Tech Lab, Starport  
  24  2:25  SCV  
  24  2:26  Marine  
  26  2:37  SCV  
  26  2:40  Siege Tank  
  30  2:44  Supply Depot  
  30  2:58  SCV  
  31  3:06  Viking, Supply Depot  
  31  3:09  Marine  
  34  3:18  SCV  
  35  3:27  Marine  
  35  3:30  Supply Depot  
  36  3:39  SCV  
  37  3:46  Siege Tank  
  37  3:47  Viking  
  42  3:51  SCV  
  43  3:59  Marine, Command Center  
  44  4:11  Supply Depot  
  44  4:14  SCV  
  44  4:17  Viking  
  47  4:19  Siege Tank  
  50  4:35  SCV  
  51  4:46  Engineering Bay  
  51  4:47  SCV  
  51  4:49  Supply Depot  
  52  4:53  Refinery  
  52  4:54  Refinery  
  52  5:08  SCV  
  52  5:11  Orbital Command  
  53  5:19  Siege Tank  
  53  5:20  SCV, Viking  
  59  5:32  SCV  
  60  5:35  Missile Turret  
  60  5:38  Missile Turret  
  60  5:42  SCV  
  61  5:45  SCV  
  62  5:51  Missile Turret  
  62  5:54  SCV  
  63  5:59  Barracks x2  
  63  6:07  Barracks Reactor  
  63  6:08  SCV  
  64  6:11  SCV  
  65  6:19  Missile Turret  
  65  6:20  SCV  
  65  6:23  SCV  
  67  6:26  Missile Turret  
  67  6:34  Supply Depot  
  67  6:35  Supply Depot  
  67  6:37  Supply Depot  
  67  6:38  Supply Depot  
  60  6:56  Supply Depot  
  58  7:07  Supply Depot  
  57  7:10  SCV x2  
  59  7:30  Viking, Command Center  
  59  7:33  Factory  
  59  7:35  Command Center  
  59  7:36  Factory  
  61  7:39  SCV  
  62  7:44  SCV  
  63  7:51  SCV  
  63  7:53  Barracks Tech Lab x2  
  63  7:56  SCV, Siege Tank  
  68  8:03  SCV  
  68  8:04  Viking  
  71  8:10  SCV  
  71  8:11  Terran Infantry Weapons Level 1  
  72  8:15  Armory  
  72  8:17  Engineering Bay  
  72  8:19  Armory  
  72  8:20  Missile Turret  
  72  8:23  Missile Turret  
  72  8:25  Missile Turret  
  72  8:34  Viking  
  74  8:46  Sensor Tower  
  74  8:57  SCV  
  74  9:01  Refinery  
  75  9:04  Refinery  
  75  9:18  SCV x3  
  78  9:24  Missile Turret  
  78  9:28  Planetary Fortress, Missile Turret  
  78  9:30  SCV x2, Missile Turret  
  80  9:32  Orbital Command  
  80  9:35  Supply Depot  
  80  9:42  Viking  
  80  9:44  Thor  
  88  9:45  Factory Tech Lab  
  88  9:46  Factory Tech Lab  
  88  9:47  Factory Reactor, Supply Depot  
  88  9:50  Supply Depot  
  88  9:51  Terran Vehicle And Ship Armor Level 1  
  88  9:55  Terran Ship Weapons Level 1  
  88  9:56  Terran Infantry Armor Level 1  
  88  10:05  SCV x2  
  90  10:15  Siege Tank  
  93  10:26  Supply Depot  
  93  10:27  Thor  
  99  10:29  Supply Depot x2  
  99  10:33  SCV x2  
  101  10:37  Combat Shields  
  101  10:38  Stimpack  
  101  10:40  Marine x4  
  105  10:45  SCV x2  
  105  10:47  Siege Tank  
  110  10:53  SCV x2  
  110  10:55  Viking  
  115  10:57  SCV, Marine  
  115  10:58  Marine x3  
  115  11:02  Orbital Command  
  119  11:14  Infernal Pre-Igniter  
  119  11:15  Marine  
  119  11:16  Marine x3  
  119  11:17  Drilling Claws  
  123  11:26  SCV x2  
  125  11:33  Marine  
  125  11:37  Marine  
  125  11:38  Marine x2  
  129  11:51  Marine  
  130  11:55  Marine x2  
  130  11:56  Marine  
  133  12:09  Marine  
  133  12:13  SCV x2  
  136  12:25  Marine  
  136  12:26  Marine x3  
  136  12:28  Thor x2  
  152  12:30  Hellbat x2  
  152  12:35  SCV x2  
  158  12:37  SCV  
  158  12:40  Fusion Core  
  158  12:43  Marine  
  160  12:44  Marine x3  
  160  12:49  Starport  
  163  12:51  Hellbat x2  
  163  12:52  Starport  
  163  12:57  SCV x3, Barracks  
  170  12:59  Barracks  
  170  13:01  Marine  
  171  13:11  Hellbat x2  
  171  13:12  Starport Reactor  
  175  13:13  Hellbat x2  
  179  13:22  Unknown x3  
  179  13:25  Unknown  
  179  13:27  Starport  
  179  13:33  Hellbat  
  181  13:34  Terran Infantry Armor Level 2, Terran Infantry Weapons Level 2  
  181  13:37  Terran Ship Weapons Level 2, Terran Vehicle And Ship Armor Level 2  
  181  13:40  Starport Tech Lab x2  
  181  13:44  Hellbat x2  
  181  13:47  Thor  
  191  13:53  Thor  
  197  13:58  Medivac  
  197  14:00  SCV  
  200  14:11  Starport Reactor  
  200  14:17  Weapon Refit  
  200  14:21  Smart Servos  
  200  14:26  Barracks Reactor x2  
  200  15:29  Supply Depot  
  200  15:32  Supply Depot  
  188  16:57  Battlecruiser x2  
  200  17:04  Terran Infantry Armor Level 3, Orbital Command, Terran Infantry Weapons Level 3  
  200  17:07  Terran Vehicle And Ship Armor Level 3, Terran Ship Weapons Level 3  
  148  17:58  Battlecruiser  
  148  18:01  Battlecruiser x2  
  109  18:14  Marine x2  
  109  18:15  Marine x6  
  117  18:21  Medivac x2  
  121  18:31  Sensor Tower  
  121  18:32  Marine x2  
  121  18:33  Marine x6  
  129  18:42  Command Center x2  
  129  18:50  Marine x2  
  129  18:51  Marine x6  
  137  19:08  Marine x4  
  141  19:14  Marine  
  141  19:16  Marine x2  
  141  19:17  Marine  
  140  19:29  Marine  
  137  19:34  Marine  
  137  19:35  Marine  
  139  19:47  Marine  
  139  19:48  Marine  
  141  19:54  Battlecruiser x3  
  159  20:26  Siege Tank  
  161  20:58  Battlecruiser, Siege Tank  
  170  21:09  Battlecruiser  
  166  21:12  Marine  
  166  21:13  Orbital Command  
  166  21:24  Battlecruiser  
Tags
 
Composition
Mech
Matchup
TvZ
Spawn Locations
Cross Positions
Add a new tag
Caveats
  • Supply blocks, unpowered buildings, or Contaminate may cause inaccurate times.
  • Supply counts are checked every 10 seconds.